 Dungeon Crawl Stone Soup version 0.19.0-2-gae57169 (webtiles) character file.

108 GhostOfComunism the Skirmisher (level 4, -1/51 HPs)
             Began as an Ogre Fighter on Nov 5, 2016.
             Slain by dobroeutro's ghost (7 damage)
             ... on level 3 of the Dungeon.
             The game lasted 00:14:06 (1828 turns).

GhostOfComunism the Skirmisher (Ogre Fighter)       Turns: 1828, Time: 00:14:06

Health: -1/51      AC:  5    Str: 21    XL:     4   Next: 87%
Magic:  4/4        EV: 10    Int:  7    God:
Gold:   87         SH:  0    Dex: 10    Spells: 0 memorised, 3 levels left

rFire  . . .     SeeInvis .     a - +2 flail
rCold  . . .     Gourm    .     b - +1 robe
rNeg   . . .     Faith    .     (no shield)
rPois  .         Spirit   .     (helmet restricted)
rElec  .         Reflect  .     (no cloak)
rCorr  .         Harm     .     (gloves unavailable)
MR     .....                    (boots unavailable)
Stlth  +.........               (no amulet)
                                (no ring)
                                (no ring)

@: no status effects
A: unfitting armour, rugged brown scales 1, blurry vision 1, tough skin 1
a: no special abilities


You were on level 3 of the Dungeon.
You were not hungry.

You visited 1 branch of the dungeon, and saw 3 of its levels.

You collected 87 gold pieces.

Inventory:

Hand Weapons
 a - a +2 flail (weapon)
Armour
 b - a +1 robe (worn)
 c - a +0 shield
Scrolls
 e - 7 scrolls of identify
Comestibles
 d - a bread ration


   Skills:
 + Level 5.5 Fighting
 + Level 4.3 Maces & Flails
 + Level 3.3 Dodging
 - Level 2.6 Shields


You had 3 spell levels left.
You didn't know any spells.

Dungeon Overview and Level Annotations

Branches:
Dungeon (3/15)

Altars:
Yredelemnul

Annotations:
D:3 dobroeutro's ghost, amateur CeHu


Innate Abilities, Weirdness & Mutations

You are too large for most types of armour.
You have tough skin. (AC +1)
You are partially covered in rugged brown scales. (AC +1, +3% HP)
Scrolls take you a little longer to read.


Message History

* * * LOW HITPOINT WARNING * * *
Dobroeutro's ghost grins evilly.
Okay, then.
Dobroeutro's ghost closely misses you.
Dobroeutro's ghost hits you but does no damage.
Dobroeutro's ghost shrieks, "You must not succeed where I failed!"
Dobroeutro's ghost barely misses you.
Dobroeutro's ghost wails, "They lied to you.
The Dungeon just goes down and down forever."
Dobroeutro's ghost closely misses you. Dobroeutro's ghost misses you.
Dobroeutro's ghost says, "Do you have an apple?
I have a shot I want to try."
Dobroeutro's ghost hits you!
* * * LOW HITPOINT WARNING * * *
Dobroeutro's ghost closely misses you.
Found 4 silver javelins.
Found a stone staircase leading down.
Dobroeutro's ghost barely misses you.
There is an escape hatch in the ceiling here.
Dobroeutro's ghost hits you!
You die...

,,,*,,* **********,,,,,,,,,*
,,***,** ##.....#.....##****,*
,** *,,**#.............#*,,,,*
** ***,,#......(.......>*,****
#....#...............,,****
#....................,,,,,*
####....................**,,,*
........................*.,***
,,..............@.........**
.###....#.......W.......#****
........###.....#......#*,,,*
.,#.....######†.####..##*...#
...#.............###..# *...#
*#............>..>....###...#
*#####.###.......###...#....#
.* #.###..................#
.##* #.##[........##..#.....#


You could see dobroeutro's ghost.

Vanquished Creatures
  A worker ant (D:3)
  An adder (D:2)
  A gnoll (D:1)
  2 oozes (D:3)
  A dart slug (D:1)
  A leopard gecko (D:2)
  An orc (D:3)
  2 giant cockroaches
  2 goblins
  9 hobgoblins
  10 jackals
  6 bats
  2 frilled lizards
  6 kobolds
  8 rats
53 creatures vanquished.

Notes
Turn   | Place    | Note
-------+----------+-------------------------------------------
     0 | D:1      | GhostOfComunism the Ogre Fighter began the quest for the Orb.
     0 | D:1      | Reached XP level 1. HP: 24/24 MP: 1/1
   317 | D:1      | Reached XP level 2. HP: 30/33 MP: 2/2
   676 | D:2      | Reached XP level 3. HP: 37/40 MP: 3/3
   772 | D:2      | Reached skill level 5 in Fighting
  1244 | D:2      | Reached XP level 4. HP: 31/50 MP: 4/4
  1741 | D:3      | Gained mutation: You are partially covered in rugged brown scales. (AC +1, +3% HP) [potion of mutation]
  1741 | D:3      | Gained mutation: Scrolls take you a little longer to read. [potion of mutation]
  1786 | D:3      | Found a basalt altar of Yredelemnul.
  1787 | D:3      | Noticed dobroeutro's ghost (amateur CeHu)
  1828 | D:3      | Slain by dobroeutro's ghost

Skill      XL: |  1  2  3  4 |
---------------+-------------+-----
Maces & Flails | 3 4 |  4.3
Dodging        | 3 |  3.3
Fighting       | 5 |  5.5
Shields        | |  2.6

Action                   |  1- 3 |  4- 6 || total
-------------------------+-------+-------++-------
Melee: Flail             |   124 |    66 ||   190
  Use: Scroll            |     7 |     1 ||     8
       Potion            |     2 |     1 ||     3
 Stab: Sleeping          |     1 |       ||     1
  Eat: Bread ration      |     1 |       ||     1
Armor: Robe              |    56 |    15 ||    71
Dodge: Dodged            |   102 |    46 ||   148
Block: Shield            |    16 |       ||    16
